 Dungeon Crawl Stone Soup version 0.31-a0-931-g7b59d4eb97 (webtiles) character file.

Game seed: 4454964911238736737

79 scionoferis the Chopper (level 4, -3/41 HPs)
             Began as a Minotaur Chaos Knight on Oct 20, 2023.
             Was a Plaything of Xom.
             Slain by a sky beast (5 damage)
             ... on level 3 of the Dungeon.
             The game lasted 00:02:34 (1340 turns).

scionoferis the Chopper (Minotaur Chaos Knight)     Turns: 1340, Time: 00:02:34

Health: -3/41      AC:  5    Str: 17    XL:     4   Next: 16%
Magic:  12/12      EV: 11    Int:  9    God:    Xom [...*..]
Gold:   108        SH:  0    Dex: 13    Spells: 3/3 levels left

rFire   . . .        a - +0 hand axe (chaos)
rCold   . . .        (no shield)
rNeg    . . .        b - +2 leather armour
rPois   +            (helmet restricted)
rElec   .            (no cloak)
rCorr   .            (no gloves)
SInv    .            (no boots)
Will    .....        n - amulet of faith
Stlth   +            r - ring "Ruidghi" {rPois MP+9 Dex+2}
HPRegen 0.26/turn    (no ring)
MPRegen 0.13/turn

%: faith
@: mighty
A: horns 2, retaliatory headbutt
a: Renounce Religion


You were on level 3 of the Dungeon.
You worshipped Xom.
You were a favourite toy of Xom.
You visited 1 branch of the dungeon, and saw 3 of its levels.

You collected 108 gold pieces.


Innate Abilities, Weirdness & Mutations

You have a pair of horns on your head.
You reflexively headbutt those who attack you in melee.


   Skills:
 + Level 4.6 Fighting
 * Level 5.4 Axes
 - Level 2.4 Armour
 - Level 1.1 Dodging


You had 3 spell levels left.
You didn't know any spells.
Your spell library was empty.

Inventory:

Hand Weapons
 a - a +0 hand axe of chaos (weapon)
Missiles
 g - 7 poisoned darts
Armour
 b - a +2 leather armour (worn)
Jewellery
 n - an amulet of faith (around neck)
   (You found it on level 2 of the Dungeon)
 r - the ring "Ruidghi" (left hand) {rPois MP+9 Dex+2}
   (You found it on level 3 of the Dungeon)

   [ring of magical power]

   Dex+2:     It affects your dexterity (+2).
   rPois:     It protects you from poison MP+9: It affects your magic capacity
   (+9).
Scrolls
 c - a scroll of butterflies
 e - a scroll of enchant weapon {unknown}
 f - a scroll of enchant armour {unknown}
 h - a scroll of revelation {unknown}
 i - 2 scrolls of identify {unknown}
 j - a scroll of immolation {unknown}
 m - a scroll of vulnerability {unknown}
 p - a scroll of summoning {unknown}
 q - a scroll of noise {unknown}
Potions
 d - a potion of magic {unknown}
 k - a potion of heal wounds {unknown}
 l - 2 potions of might
 o - 2 potions of attraction {unknown}

Dungeon Overview and Level Annotations

Branches:
Dungeon (3/15)

Altars:
Vehumet
Xom

Shops:
D:2 =

Annotations:
D:2 Sigmund

##### ..... ......
......### ########
#...{5## ##.....#. #@.#
##........ ########.#
#......... .........####
#.........
########....###.......(<
#>##†..#........÷
#.####........... #.#
##.#........ #.#
#>#......#. #.#
#.....#)###


You could see a friendly iron imp (summoned).


Message History

Welcome, scionoferis the Minotaur Chaos Knight.
Everyone else who sought the Orb of Zot has failed.
Will you be different?
Xom says: A new plaything!
Press ? for a list of commands and other information.
Found an emerald potion.
Found an escape hatch in the floor.
Found a staircase leading out of the dungeon.
d - an emerald potion You open the door.
There is an open door here.
You now have 18 gold pieces.
You open the door.
Found a stone staircase leading down.
There is an open door here.
There is a stone staircase leading down here.
A ball python comes into view.
You hit the ball python.
You kill the ball python!
No target in view!
You see here a ball python corpse.
e - a scroll labelled TAICOC VAUCKI A goblin comes into view.
It is wielding a +0 dagger of draining.
The goblin shouts!
A goblin is nearby!
Found a scroll labelled LOPHAI QUTYATH.
The goblin closely misses you.
You hit the goblin.
You kill the goblin!
A rat comes into view.
You see here a +0 dagger of draining.
A rat is nearby!
The rat bites you.
You slash the rat! Lightning courses through the rat!
You kill the rat!
No target in view!
HP restored.
f - a scroll labelled LOPHAI QUTYATH
Found 7 stones.
Found a dagger.
Found 5 poisoned darts.
You see here a +0 dagger.
A bat comes into view.
Xom almost notices you.
Nothing appears to happen...
Ominous!
The bat closely misses you.
You hit the bat but do no damage.
The bat is poisoned.
The bat hits you but does no damage.
You miss the bat. You headbutt the bat.
You kill the bat!
You see here 5 poisoned darts.
g - 5 poisoned darts A ball python comes into view.
The ball python hisses angrily.
You hit the ball python.
The ball python suddenly stops moving!
The ball python is severely wounded.
The helpless ball python fails to defend itself.
You slash the ball python!
You kill the ball python!
You see here a ball python corpse.
You see here a +0 dagger.
Things that are here:
5 stones; a +0 spear
Found 8 stones. 3 jackals come into view.
The jackal barks! x2
The jackal moves out of view.
The jackal barks!
You hit the jackal. You burn the jackal.
The jackal is severely wounded.
The jackal bites you but does no damage.
You closely miss the jackal.
The jackal is severely wounded.
You miss the jackal. The jackal closely misses you. The jackal bites you.
You hit the jackal.
You kill the jackal!
You hit the jackal but do no damage.
The jackal bites you but does no damage.
The jackal closely misses you.
Your Axes skill increases to level 4!
You hit the jackal. You freeze the jackal.
The jackal is moderately wounded.
You hit the jackal but do no damage. The jackal closely misses you.
The jackal completely misses you.
You hit the jackal.
The jackal is almost dead.
You closely miss the jackal.
The jackal blinks!
The jackal closely misses you. The jackal barely misses you.
You closely miss the jackal. The jackal closely misses you.
The jackal bites you but does no damage. x2
You hit the jackal.
You kill the jackal!
You barely miss the jackal. The jackal barely misses you.
You closely miss the jackal. The jackal closely misses you.
You furiously retaliate!
You headbutt the jackal. The jackal bites you.
You barely miss the jackal. You headbutt the jackal.
You kill the jackal!
You have reached level 2!
Things that are here:
a jackal corpse; a jackal corpse You now have 27 gold pieces (gained 9).
A rat comes into view.
Found 3 stones.
The rat bites you but does no damage.
You hit the rat. You freeze the rat. Your headbutt misses the rat.
The rat is severely wounded.
The rat bites you but does no damage.
You hit the rat. You freeze the rat.
You kill the rat! 3 frilled lizards and a rat come into view.
Found a stone staircase leading down.
The frilled lizard hisses angrily. x2; You hear an angry hiss.
An endoplasm comes into view.
You see here a rat corpse. 3 frilled lizards come into view.
The frilled lizard hisses angrily. x2
You swing at nothing.
You slash the frilled lizard! You burn the frilled lizard.
You kill the frilled lizard!
You hit the rat. You freeze the rat.
You kill the rat!
You miss the frilled lizard. The frilled lizard misses you.
You hit the frilled lizard.
You kill the frilled lizard!
You barely miss the frilled lizard. The frilled lizard barely misses you.
You furiously retaliate!
You headbutt the frilled lizard!
You kill the frilled lizard!
You hit the frilled lizard but do no damage.
The frilled lizard barely misses you.
You closely miss the frilled lizard. Your punch misses the frilled lizard.
The frilled lizard bites you but does no damage.
You completely miss the frilled lizard. You headbutt the frilled lizard.
The frilled lizard is heavily wounded.
The frilled lizard bites you.
You closely miss the frilled lizard.
The frilled lizard is heavily wounded.
The frilled lizard barely misses you. You furiously retaliate!
You headbutt the frilled lizard.
You kill the frilled lizard!
You barely miss the frilled lizard. The frilled lizard bites you.
The frilled lizard bites you but does no damage.
You barely miss the frilled lizard.
Your headbutt misses the frilled lizard.
The frilled lizard bites you but does no damage.
You barely miss the frilled lizard. The frilled lizard closely misses you.
You barely miss the frilled lizard. The frilled lizard barely misses you.
You hit the frilled lizard.
The frilled lizard seems to grow stronger.
Xom is highly amused!
The frilled lizard is heavily wounded.
The frilled lizard closely misses you.
You miss the frilled lizard.
Your headbutt misses the frilled lizard.
The frilled lizard is heavily wounded.
The frilled lizard barely misses you.
You hit the frilled lizard but do no damage.
The frilled lizard is heavily wounded.
The frilled lizard bites you.
You barely miss the frilled lizard.
The frilled lizard is heavily wounded.
The frilled lizard barely misses you.
You slash the frilled lizard!
You kill the frilled lizard!
You closely miss the frilled lizard.
Your headbutt misses the frilled lizard.
The frilled lizard bites you but does no damage.
You closely miss the frilled lizard. The frilled lizard closely misses you.
The frilled lizard bites you but does no damage.
You miss the frilled lizard. Your punch misses the frilled lizard.
The frilled lizard closely misses you. You furiously retaliate!
You headbutt the frilled lizard!
You kill the frilled lizard!
Your Fighting skill increases to level 4!
You swing at nothing.
You completely miss the endoplasm. Your headbutt misses the endoplasm.
The endoplasm freezes you.
You are frozen.
The endoplasm hits you but does no damage.
You slash the endoplasm!
You kill the endoplasm!
Things that are here:
a frilled lizard corpse; a frilled lizard corpse A kobold comes into view.
It is wielding a +0 dagger.
The kobold shouts!
The kobold misses you.
You closely miss the kobold. Your headbutt misses the kobold.
The kobold closely misses you.
You barely miss the kobold. The kobold hits you but does no damage.
You slash the kobold! You freeze the kobold.
You kill the kobold!
No target in view!
No target in view!
Things that are here:
a +0 dagger; a kobold corpse
h - a scroll labelled INAXZIR XUUCWE
Found 6 stones.
You see here 6 stones.
You see here 6 stones.
You see here 3 stones.
A ball python comes into view.
The ball python hisses angrily.
You hit the ball python. You freeze the ball python.
You kill the ball python!
No target in view!
You see here a ball python corpse.
A jackal and a frilled lizard come into view.
The jackal barks!
The frilled lizard hisses angrily.
A quokka comes into view.
A jackal comes into view.
The jackal moves out of view.
You hit the frilled lizard.
The frilled lizard seems to slow down.
You freeze the frilled lizard.
You kill the frilled lizard!
A jackal comes into view.
The jackal moves out of view.
An endoplasm and a jackal come into view.
The jackal barks!
The endoplasm quivers.
The quokka bites you but does no damage.
The jackal closely misses your frilled lizard zombie.
You hit the quokka but do no damage. Your headbutt misses the quokka.
You hit the jackal. You freeze the jackal.
The jackal closely misses your frilled lizard zombie.
The endoplasm hits your frilled lizard zombie.
Your frilled lizard zombie bites the quokka.
The quokka barely misses you.
The jackal closely misses your frilled lizard zombie.
The jackal bites your frilled lizard zombie.
The jackal closely misses you.
You hit the jackal.
You kill the jackal!
You hit the quokka. You freeze the quokka. You barely miss the jackal.
The jackal barely misses you.
The endoplasm hits your frilled lizard zombie.
The jackal barely misses your frilled lizard zombie. x2
The quokka bites you but does no damage.
Your frilled lizard zombie closely misses the quokka.
The jackal bites you but does no damage.
The endoplasm hits your frilled lizard zombie.
Your frilled lizard zombie is destroyed!
You hit the quokka. You freeze the quokka.
You kill the quokka!
You hit the jackal. You freeze the jackal.
You kill the jackal!
You barely miss the jackal.
The jackal bites you but does no damage.
You hit the jackal.
The jackal is poisoned.
The jackal is almost dead.
You hit the jackal. You freeze the jackal.
The jackal bites you but does no damage.
The jackal closely misses you.
You hit the jackal.
You kill the jackal!
You completely miss the jackal. The jackal closely misses you. x2
You hit the jackal.
You kill the jackal!
You hit the endoplasm. You burn the endoplasm.
The endoplasm jiggles.
The endoplasm freezes you.
You are frozen.
You hit the endoplasm.
You kill the endoplasm!
No target in view!
A kobold comes into view. It is wielding a +0 short sword.
The kobold shouts!
The kobold throws a stone.
The stone barely misses you.
You hit the kobold.
You kill the kobold!
No target in view!
You open the door.
A kobold comes into view. It is wielding a +0 club.
The kobold shouts!
You hit the kobold but do no damage. The kobold barely misses you.
You hit the kobold. You freeze the kobold.
You kill the kobold!
You have reached level 3!
Your experience leads to an increase in your attributes!
Increase (S)trength, (I)ntelligence, or (D)exterity?
You feel agile. x2
There is an open door here.
Things that are here:
a +0 club; 3 stones; a kobold corpse You open the door.
An endoplasm comes into view.
The endoplasm quivers.
The endoplasm barely misses you.
You hit the endoplasm. You headbutt the endoplasm.
The endoplasm is almost dead.
The endoplasm hits you but does no damage.
You slash the endoplasm!
You kill the endoplasm!
No target in view!
i - a scroll labelled JISTRA SYGAKHETELE You open the door.
There is an open door here.
You open the door. You open the door.
There is an open door here.
There is a staircase leading out of the dungeon here.
You open the door.
There is an open door here.
A kobold comes into view. It is wielding a +0 dagger.
The kobold shouts!
The kobold throws a stone.
The stone hits you but does no damage. The kobold hits you with a +0 dagger.
You hit the kobold.
The kobold seems to grow stronger.
Xom thinks this is hilarious!
The kobold is moderately wounded.
The kobold hits you with a +0 dagger.
You hit the kobold. You burn the kobold.
You kill the kobold!
No target in view!
You now have 42 gold pieces (gained 15).
Found a stone staircase leading down.
A ball python comes into view.
The ball python hisses angrily.
A ball python is nearby!
You barely miss the ball python. The ball python barely misses you. x2
You slash the ball python! You burn the ball python.
You kill the ball python!
No target in view!
You now have 51 gold pieces (gained 9).
You open the door.
There is an open door here.
A rat comes into view.
You hit the rat.
You kill the rat!
No target in view!
You see here a rat corpse.
A ball python comes into view.
The ball python hisses angrily.
A ball python is nearby!
You barely miss the ball python. You headbutt the ball python.
You kill the ball python!
No target in view!
j - a scroll labelled ULOLOGG GIURHU "Boo!"
Found a dagger.
k - a viscous purple potion Done exploring.
Done exploring.
Things that are here:
a +0 short sword; 4 stones; a kobold skeleton
There is a stone staircase leading down here.
You climb downwards.
Found 2 yellow potions, 8 gold pieces and a scroll labelled JISTRA SYGAKHETELE.
There is a stone staircase leading up here.
Found a stone staircase leading down.
A ball python comes into view.
Found a yellow potion.
Found a stone staircase leading up.
The ball python bites you. The ball python grabs you.
The ball python constricts you.
You closely miss the ball python. You headbutt the ball python.
You kill the ball python!
No target in view!
A hobgoblin comes into view.
A hobgoblin is nearby!
The hobgoblin shouts!
You hear a shout!
You hear an angry hiss.
The hobgoblin completely misses you.
You hit the hobgoblin.
The hobgoblin is poisoned.
You headbutt the hobgoblin.
You kill the hobgoblin!
A worm comes into view.
A kobold comes into view.
It is wielding a +2 short sword of speed.
A ball python comes into view.
Found a scroll labelled SOBEAJ MALAO.
The ball python hisses angrily.
The worm bites you!
A shower of butterflies erupts from you!
You see here a hobgoblin corpse.
You hit the worm.
The worm is lightly wounded.
You hit the worm. You burn the worm.
The worm is severely wounded.
The worm closely misses you.
The kobold barely misses your butterfly.
You hit the worm. You headbutt the worm.
You kill the worm!
The kobold barely misses your butterfly.
The kobold throws a stone.
The stone hits you but does no damage.
You hit the ball python.
You kill the ball python!
You swap places.
A kobold comes into view. It is wielding a +0 short sword.
You closely miss the kobold. The kobold misses your butterfly.
The kobold hits you with a +2 short sword of speed.
You slash the kobold! You freeze the kobold.
You kill the kobold!
You swap places.
You see here a yellow potion.
The kobold throws a stone.
The stone closely misses you. The stone barely misses your butterfly.
The kobold barely misses you. You furiously retaliate!
You headbutt the kobold!
You kill the kobold!
No target in view!
No target in view!
No target in view!
Your butterfly disappears in a puff of smoke!
Your butterfly degenerates into a cloud of primal chaos!
A bat comes into view.
Your butterfly disappears in a puff of smoke!
The bat closely misses you. x2
You slash the bat!
You kill the bat!
No target in view!
Your butterfly disappears in a puff of smoke!
i - 2 scrolls labelled JISTRA SYGAKHETELE (gained 1)
Your butterfly disappears in a puff of smoke!
Your butterfly disappears in a puff of smoke!
HP restored.
You now have 59 gold pieces (gained 8).
Things that are here:
a +2 short sword of speed; 4 stones
l - a yellow potion
m - a scroll labelled SOBEAJ MALAO
There is a stone staircase leading up here.
l - 3 yellow potions (gained 2)
There is a stone staircase leading down here.
There is a stone staircase leading down here.
Found Kuaxum's Jewellery Shoppe.
A kobold comes into view. It is wielding a +0 dagger.
Found 2 poisoned darts and 4 gold pieces.
The kobold throws a stone.
The stone closely misses you.
The kobold throws a stone.
The stone misses you. The kobold closely misses you.
You barely miss the kobold. The kobold barely misses you.
You hit the kobold. You freeze the kobold.
You kill the kobold!
No target in view!
There is an entrance to Kuaxum's Jewellery Shoppe here.
Things that are here:
a +0 dagger; 3 stones; a kobold corpse You now have 72 gold pieces (gained 13).
g - 7 poisoned darts (gained 2)
n - an amulet of faith You start putting on your amulet.
You continue putting on your amulet of faith. x5
You finish putting on your amulet of faith.
You feel a surge of divine interest.
n - an amulet of faith (around neck) Unknown command.
You now have 76 gold pieces (gained 4).
You now have 79 gold pieces (gained 3).
You are now a plaything of Xom.
A kobold comes into view. It is wielding a +0 club.
Found 10 gold pieces.
The kobold shouts!
A ball python comes into view.
A ball python comes into view.
The ball python hisses angrily. x2
The kobold barely misses you. You furiously retaliate!
You headbutt the kobold.
A goblin comes into view. It is wielding a +0 dagger.
The goblin shouts!
You hit the kobold.
You kill the kobold!
The ball python bites you but does no damage.
The ball python grabs you. The ball python constricts you.
You see here a +0 club.
You barely miss the ball python. Your headbutt misses the ball python.
The ball python closely misses you. The ball python constricts you.
The ball python closely misses you. The ball python constricts you.
You hit the ball python. You burn the ball python.
You kill the ball python!
You hit the ball python. The ball python barely misses you.
The ball python closely misses you.
Your Axes skill increases to level 5!
You closely miss the ball python.
The ball python is moderately wounded.
The ball python closely misses you. The ball python grabs you.
The ball python constricts you.
You hit the ball python.
You kill the ball python!
You hit the goblin.
You feel better.
Your headbutt misses the goblin.
The goblin is moderately wounded.
The goblin hits you with a +0 dagger.
You slash the goblin!
You kill the goblin!
No target in view!
Things that are here:
a +0 dagger; a goblin corpse
Found a hand axe.
You now have 89 gold pieces (gained 10).
Found a stone staircase leading down.
o - 2 silvery potions You open the door.
Sigmund and a kobold come into view.
Sigmund shouts!
The kobold shouts!
Sigmund points at you and mumbles some strange words.
You resist with significant effort.
You close the door.
Sigmund breaks down the door.
There is a stone staircase leading down here.
You climb downwards.
Found a falchion.
Found a stone staircase leading down.
There is a stone staircase leading up here.
You barely miss the goblin. You headbutt the goblin.
You kill the goblin!
Found 15 stones.
Found a stone staircase leading up.
You see here a +0 falchion.
A bat comes into view.
A bat is nearby!
A giant cockroach and an endoplasm come into view.
The endoplasm quivers.
The bat completely misses you.
You miss the bat. The bat misses you. The bat hits you but does no damage.
The bat barely misses you. You furiously retaliate!
You headbutt the bat. You miss the bat. You headbutt the bat.
You kill the bat!
You hit the endoplasm.
You kill the endoplasm!
The giant cockroach misses you.
You barely miss the giant cockroach. You headbutt the giant cockroach.
You kill the giant cockroach!
No target in view!
There is a stone staircase leading up here.
You see here a +0 falchion.
A hobgoblin comes into view.
The hobgoblin shouts!
A hobgoblin is nearby!
A jackal comes into view.
Found 10 gold pieces.
The jackal barks!
A jackal comes into view.
The jackal barks!
You hear a bark!
A jackal comes into view.
A quokka comes into view.
The hobgoblin barely misses you.
The jackal barks!
You closely miss the jackal. You closely miss the hobgoblin.
The jackal bites you but does no damage.
The hobgoblin misses you.
You hit the jackal but do no damage.
The jackal is poisoned.
You headbutt the jackal.
You kill the jackal!
You hit the hobgoblin. You drain the hobgoblin.
You kill the hobgoblin!
The jackal barely misses you. You furiously retaliate!
You headbutt the jackal!
You kill the jackal!
The jackal closely misses you.
Things that are here:
9 gold pieces; a jackal corpse You hit the jackal.
You kill the jackal!
You hit the quokka.
Space warps around the quokka.
You kill the quokka!
A jackal comes into view.
Found a shimmering altar of Xom.
The jackal closely misses you. The jackal bites you.
You miss the jackal. The jackal barely misses you. You furiously retaliate!
You headbutt the jackal, but do no damage.
You hit the jackal but do no damage. The jackal bites you.
The jackal barely misses you. You furiously retaliate!
You headbutt the jackal, but do no damage.
You closely miss the jackal.
The jackal bites you but does no damage.
You hit the jackal.
The jackal is poisoned.
The jackal is heavily wounded.
You kill the jackal!
No target in view!
HP restored.
You now have 98 gold pieces (gained 9).
You see here a jackal corpse.
You now have 108 gold pieces (gained 10).
A frilled lizard comes into view.
The frilled lizard hisses angrily.
You hit the frilled lizard.
You kill the frilled lizard!
No target in view!
You see here a jackal corpse.
You see here a jackal corpse.
You see here a staff of cold.
There is a shimmering altar of Xom here.
Found a robe.
Found a stone staircase leading down.
There is a stone staircase leading down here.
You see here a +0 robe.
As you open the door, it creaks loudly!
You hear an angry hiss.
Found a radiant altar of Vehumet.
An adder comes into view.
The adder hisses angrily.
An adder is nearby!
A goblin comes into view. It is wielding a +0 dagger.
A giant cockroach comes into view.
Found a scroll labelled CENOUL KEIMME and a vibrating iron ring.
The goblin shouts!
The giant cockroach moves out of view.
You barely miss the adder. You headbutt the adder!
The adder is almost dead.
The adder bites you but does no damage. The adder barely misses you.
You furiously retaliate!
You headbutt the adder.
You kill the adder!
You have reached level 4!
You feel stronger.
You miss the goblin. You headbutt the goblin.
You kill the goblin!
You hit the giant cockroach. You burn the giant cockroach.
Your headbutt misses the giant cockroach.
The giant cockroach is severely wounded.
The giant cockroach bites you but does no damage.
The giant cockroach barely misses you. You furiously retaliate!
You headbutt the giant cockroach!
You kill the giant cockroach!
Things that are here:
a +0 dagger; a goblin corpse
p - a scroll labelled CENOUL KEIMME
q - a scroll labelled DECLUM BOETOCI You see here a staff of poison.
An orc comes into view.
It is wielding a +1 flail of protection.
The orc shouts!
Found a short sword.
You completely miss the orc. The orc completely misses you.
You hit the orc but do no damage.
The orc hits you with a +1 flail of protection.
You hit the orc.
The orc is heavily wounded.
The orc hits you with a +1 flail of protection.
You barely miss the orc. You headbutt the orc, but do no damage.
The orc is heavily wounded.
The orc misses you.
You hit the orc but do no damage.
The orc is poisoned.
Your headbutt misses the orc.
The orc is heavily wounded.
The orc closely misses you.
You hit the orc.
You kill the orc!
No target in view!
You see here a +1 flail of protection.
r - the ring "Ruidghi" {rPois MP+9 Dex+2}
There are no items here.
You feel your magic capacity increase.
You feel agile.
r - the ring "Ruidghi" (left hand) {rPois MP+9 Dex+2} "Let's go for a ride!"
Your surroundings suddenly seem different.
You are now a favourite toy of Xom.
Unknown command.
Magic restored.
A rat comes into view.
The rat closely misses you.
You slash the rat!
You kill the rat!
No target in view!
You see here a rat corpse.
Found a stone staircase leading down.
There is a stone staircase leading down here.
A sky beast comes into view.
Xom opens a gate.
The sky beast flickers out of sight!
Deactivating autopickup; reactivate with Ctrl-A.
You swing at nothing.
You swing at nothing.
You swing at nothing.
You hit something. Something hits you. Something shocks you.
You barely miss something. You headbutt something. Something hits you.
Something shocks you.
You hit something but do no damage. Something hits you. Something shocks you.
You hit something. You burn something. Your headbutt misses something.
Something hits you. Something shocks you.
* * * LOW HITPOINT WARNING * * *
You miss something. Something hits you but does no damage.
You closely miss something. Something hits you.
* * * LOW HITPOINT WARNING * * *
Something shocks you.
* * * LOW HITPOINT WARNING * * *
It was a potion of might.
You feel very mighty all of a sudden. Something hits you.
* * * LOW HITPOINT WARNING * * *
Something shocks you.
You die...

Skill      XL: |  1  2  3 |
---------------+----------+-----
Axes           | 4 5 |  5.4
Fighting       | 4 |  4.6
Armour         | |  2.4
Dodging        | |  1.1

Action                     |  1- 3 |  4- 6 || total
---------------------------+-------+-------++-------
  Melee: Hand axe          |    96 |    15 ||   111
         Headbutt          |    13 |     3 ||    16
    Use: Potion            |       |     1 ||     1
   Stab: Paralysed         |     1 |       ||     1
 Armour: Leather armour    |    41 |    10 ||    51
  Dodge: Dodged            |    63 |     5 ||    68

Levels and vault maps discovered:
D:1:      shiori_arrival_maze, layout_basic, minmay_lizard_pond
D:2:      layout_basic, serial_shops, shop, uniq_sigmund
D:3:      layout_rooms, mainiacjoe_overflow_surrounded_room,
          mainiacjoe_overflow_cross_hatched, mainiacjoe_overflow_catwalk,
          uniq_ijyb

Notes
Turn   | Place    | Note
-------+----------+-------------------------------------------
     0 | D:1      | scionoferis the Minotaur Chaos Knight began the quest for
                  | the Orb.
     0 | D:1      | Reached XP level 1. HP: 19/19 MP: 0/0
    94 | D:1      | XOM: silly message
   158 | D:1      | Reached skill level 4 in Axes
   164 | D:1      | Reached XP level 2. HP: 27/27 MP: 1/1
   210 | D:1      | Reached skill level 4 in Fighting
   435 | D:1      | Reached XP level 3. HP: 33/33 MP: 2/2
   723 | D:1      | XOM: noise
   868 | D:2      | XOM: butterfly on damage
   976 | D:2      | Found Kuaxum's Jewellery Shoppe.
  1037 | D:2      | Reached skill level 5 in Axes
  1068 | D:2      | Noticed Sigmund
  1109 | D:3      | Found a shimmering altar of Xom.
  1179 | D:3      | Found a radiant altar of Vehumet.
  1185 | D:3      | Reached XP level 4. HP: 41/41 MP: 3/3
  1249 | D:3      | Identified the ring "Ruidghi" {rPois MP+9 Dex+2}
  1292 | D:3      | XOM: 1-stop teleportation journey
  1329 | D:3      | Noticed a sky beast
  1330 | D:3      | XOM: summons friendly iron imp
  1339 | D:3      | HP: 9/41 [something (4)]
  1339 | D:3      | HP: 4/41 [something (5)]
  1340 | D:3      | Slain by a sky beast

Vanquished Creatures
  An adder (D:3)
  A worm (D:2)
  An orc (D:3)
  3 bats (D:1 D:2 D:3)
  4 endoplasms (D:1 D:3)
  2 giant cockroaches (D:3)
  4 goblins (D:1 D:2 D:3)
  2 hobgoblins (D:2 D:3)
  11 jackals (D:1 D:3)
  8 kobolds (D:1 D:2)
  2 quokkas (D:1 D:3)
  9 ball pythons (D:1 D:2)
  8 frilled lizards (D:1 D:3)
  5 rats (D:1 D:3)
61 creatures vanquished.

Vanquished Creatures (others)
  A frilled lizard zombie (D:1)
1 creature vanquished.

Grand Total: 62 creatures vanquished

Table legend: (Time is in decaauts)
 A = Elapsed time spent in this place.
 B = Non-inter-level travel time spent in this place.
 C = Inter-level travel time spent in this place.
 D = Time resting spent in this place.
 E = Time spent auto-exploring this place.
 F = Levels seen in this place.
 G = Mean time per level.
                   A        B        C        D        E       F      G
               +--------+--------+--------+--------+--------+-----+--------+
         Total |   1347 |   1313 |     34 |      0 |   1036 |   3 |  449.0 |
       Dungeon |   1347 |   1313 |     34 |      0 |   1036 |   3 |  449.0 |
               +--------+--------+--------+--------+--------+-----+--------+

Top non-repeatable levels by time:
     D:1: 858 daAuts
     D:3: 264 daAuts
     D:2: 223 daAuts

Table legend:
 A = Non-vault XP
 B = Vault XP
 C = Vault XP percentage of total XP
 D = Non-vault monster count
 E = Vault monster count
 F = Vault count percentage of total count
                 A         B        C        D         E       F
            +---------+---------+-------+---------+---------+-------
      Total |     105 |       8 |   7.1 |      54 |       7 |  11.5
            +---------+---------+-------+---------+---------+-------
        D:1 |      41 |       8 |  16.3 |      26 |       7 |  21.2
        D:2 |      22 |       0 |   0.0 |      12 |       0 |   0.0
        D:3 |      42 |       0 |   0.0 |      16 |       0 |   0.0
            +---------+---------+-------+---------+---------+-------
